Map: Tourmaline LE

Players

Scud - Winner!

  • Race: Terran Terran
  • League: Diamond
  • Spawn Location: 7:00

DmitryK

  • Race: Terran Terran
  • League: Platinum
  • Spawn Location: 1:00

VOD

Have the link to the VOD?

Description

Time

  • Played on: March 8, 2026, 1:49 p.m.
  • Length: 9:08
Show
View Real Time Build Order
Export as new Build Order

Scud Terran - Winner!

Build Orders: 1/1/1 

Get SALT Encoding   

  12  0:00  SCV  
  13  0:12  SCV  
  14  0:22  Supply Depot  
  14  0:24  SCV  
  14  0:28  Refinery  
  15  0:44  Barracks  
  15  0:48  Refinery  
  15  0:50  SCV  
  16  1:02  SCV  
  17  1:14  SCV  
  18  1:26  SCV  
  18  1:31  Factory  
  19  1:32  Barracks Reactor  
  19  1:42  Orbital Command  
  19  1:58  Supply Depot  
  19  2:07  Supply Depot  
  19  2:09  Marine  
  19  2:13  Marine  
  21  2:15  Factory Tech Lab  
  21  2:28  Starport  
  22  2:38  Siege Tank  
  22  2:43  SCV  
  25  2:55  SCV  
  26  3:09  SCV  
  26  3:11  Viking x2  
  31  3:17  Barracks Reactor  
  31  3:26  SCV  
  32  3:27  Engineering Bay  
  32  3:29  Siege Tank  
  35  3:35  Supply Depot  
  35  3:38  SCV  
  36  3:55  Viking  
  38  3:57  Viking  
  40  4:05  Supply Depot  
  40  4:13  Command Center  
  40  4:22  Missile Turret  
  40  4:55  Supply Depot, Starport  
  40  5:23  Refinery x2  
  40  5:28  SCV  
  40  5:33  Liberator, Viking  
  48  5:40  SCV  
  47  5:48  Barracks Tech Lab, Missile Turret  
  47  5:50  Missile Turret  
  47  5:53  SCV  
  47  5:54  Liberator x2  
  54  6:03  Viking  
  47  6:16  Viking  
  47  6:22  SCV  
  48  6:27  SCV  
  47  6:33  Viking  
  47  6:34  SCV  
  47  6:37  Viking  
  47  6:39  SCV  
  53  6:46  SCV  
  54  6:50  Siege Tank  
  57  6:56  Viking  
  57  7:03  Orbital Command, SCV  
  57  7:07  Viking x2  
  62  7:15  SCV  
  62  7:18  Armory  
  62  7:22  Viking  
  65  7:28  SCV  
  66  7:30  Factory  
  66  7:31  SCV  
  67  7:40  SCV  
  68  7:46  SCV  
  69  7:52  SCV  
  69  7:53  Supply Depot  
  69  7:57  Supply Depot  
  70  7:59  Supply Depot  
  70  8:15  Viking, SCV x2, Siege Tank  
  70  8:18  Factory Tech Lab  
  77  8:20  Viking  
  79  8:47  Hellion  
Show
View Real Time Build Order
Export as new Build Order

DmitryK Terran 

Build Orders:  

Get SALT Encoding   

  12  0:00  SCV  
  13  0:12  SCV  
  14  0:17  Supply Depot  
  14  0:25  SCV  
  15  0:39  SCV  
  15  0:40  Barracks  
  16  0:44  Refinery  
  16  0:51  SCV  
  16  0:53  Refinery  
  17  1:03  SCV  
  18  1:15  SCV  
  19  1:27  SCV  
  19  1:28  Barracks Reactor  
  19  1:31  Supply Depot  
  21  1:40  SCV  
  21  1:44  Factory  
  21  1:52  Orbital Command  
  21  2:04  Reaper  
  21  2:05  Reaper  
  23  2:27  Command Center  
  23  2:30  SCV  
  23  2:35  Hellion  
  26  2:39  Reaper  
  26  2:41  Reaper  
  28  2:47  SCV  
  29  2:51  Supply Depot  
  29  2:57  Hellion  
  31  3:06  Starport  
  31  3:13  SCV  
  31  3:19  Factory Tech Lab  
  32  3:25  SCV  
  33  3:29  Marine x2  
  35  3:37  SCV  
  36  3:42  Refinery  
  36  3:52  SCV  
  36  3:54  Orbital Command  
  37  4:04  SCV  
  37  4:07  Siege Tank  
  41  4:22  SCV  
  41  4:23  SCV, Viking  
  41  4:24  Viking  
  45  4:30  Refinery  
  45  4:34  SCV  
  46  4:39  SCV  
  46  4:44  Siege Tank  
  50  4:46  SCV  
  51  4:53  Liberator  
  54  5:03  Marine  
  54  5:05  SCV  
  54  5:20  Supply Depot  
  54  5:27  Starport  
  54  5:28  Viking, SCV x2  
  58  5:31  Siege Tank  
  61  5:37  Viking  
  61  5:40  SCV x2  
  65  5:53  SCV  
  65  5:54  Supply Depot  
  66  6:01  Viking  
  66  6:03  Siege Tank  
  66  6:17  Viking x2  
  66  6:34  Viking  
  64  6:59  Viking  
  65  7:03  SCV  
  65  7:05  Liberator  
  65  7:06  Viking  
  72  7:15  SCV  
  72  7:16  SCV  
  72  7:18  Command Center  
  72  7:21  Supply Depot  
  73  7:23  Siege Tank  
  73  7:27  SCV  
  75  7:38  Viking  
  75  7:41  SCV  
  75  7:42  SCV  
  79  7:53  SCV  
  79  7:57  Starport Reactor  
  80  8:00  Liberator  
  83  8:12  Viking  
  85  8:16  SCV x2  
  87  8:28  SCV  
Tags
 
Matchup
ТvТ
Opening
1/1/1
Spawn Locations
Cross Positions
Add a new tag
Caveats
  • Supply blocks, unpowered buildings, or Contaminate may cause inaccurate times.
  • Supply counts are checked every 10 seconds.